 Dungeon Crawl Stone Soup version 0.28.0 (webtiles) character file.

Game seed: 1215810283370138277

2331 bande the Cleaver (level 9, -1/56 HPs)
             Began as a Gargoyle Fighter on Feb 11, 2022.
             Slain by Joseph (13 damage)
             ... on level 7 of the Dungeon.
             The game lasted 00:12:22 (8001 turns).

bande the Cleaver (Gargoyle Fighter)                Turns: 8001, Time: 00:12:23

Health: -1/56      AC: 22    Str: 20    XL:     9   Next: 42%
Magic:  9/9        EV: 10    Int:  9    God:
Gold:   387        SH:  6    Dex: 17    Spells: 8/8 levels left

rFire   . . .      SeeInvis .   a - +1 war axe
rCold   + . .      Faith    .   c - +0 buckler
rNeg    + . .      Spirit   .   e - +7 ring mail of Elyvilon's Approval {rElec Dex+4}
rPois   ∞          Reflect  .   h - +0 helmet
rElec   +          Harm     .   (no cloak)
rCorr   .          Rampage  .   (no gloves)
Will    .....      Rage     1%  j - +0 pair of boots
Stlth   +.........              (no amulet)
HPRegen 0.18/turn               l - ring of protection from cold
MPRegen 0.11/turn               (no ring)

@: no status effects
A: sickness immunity, AC +6, negative energy resistance 1, electricity
resistance, torment resistance 1, petrification resistance, berserk 1,
MP-powered wands, sturdy frame 1
a: no special abilities


You were on level 7 of the Dungeon.
You visited 1 branch of the dungeon, and saw 7 of its levels.

You collected 401 gold pieces.
You spent 14 gold pieces at shops.

Inventory:

Hand Weapons
 a - a +1 war axe (weapon)
 n - a +1 mace of venom
 r - a +0 war axe
Missiles
 x - 2 throwing nets (quivered)
Armour
 c - a +0 buckler (worn)
 e - the +7 ring mail of Elyvilon's Approval (worn) {rElec Dex+4}
   (You found it on level 3 of the Dungeon)

   Dex:       It affects your dexterity (+4).
   rElec:     It insulates you from electricity.
 h - a +0 helmet (worn)
 j - a +0 pair of boots (worn)
Jewellery
 l - a ring of protection from cold (left hand)
 s - a ring of fire
 w - a +6 ring of intelligence
Scrolls
 m - 3 scrolls of teleportation
 t - a scroll of amnesia
 u - a scroll of fear
Potions
 b - 3 potions of mutation
 d - 2 potions of might
 f - 2 potions of invisibility {unknown}
 g - 2 potions of curing
 i - a potion of flight
 k - 2 potions of resistance
 o - 2 potions of magic {unknown}
 p - a potion of attraction {unknown}
 q - a potion of ambrosia {unknown}


   Skills:
 + Level 6.4 Fighting
 + Level 8.8 Axes
 + Level 5.8 Armour
 + Level 5.7 Shields


You had 8 spell levels left.
You didn't know any spells.
Your spell library contained the following spells:

 Spells                   Type           Power      Damage    Failure   Level
 Animate Skeleton         Necr           0%         N/A       54%         1
 Pain                     Necr           0%         1d4       54%         1
 Sting                    Tmut/Pois      0%         1d3       54%         1
 Vampiric Draining        Necr           0%         2d6       89%         3


Dungeon Overview and Level Annotations

Branches:
Dungeon (7/15)             Temple (0/1) D:7

Altars:
Cheibriados

Shops:
D:4 *!**   D:5 [

Annotations:
D:7 Joseph


Innate Abilities, Weirdness & Mutations

You are immune to sickness and miasma.
Your stone body is resilient. (AC +6)
You are immune to poison.
You resist negative energy. (rN+)
You are resistant to electric shocks. (rElec)
You are resistant to unholy torment.
You are immune to petrification.
You tend to lose your temper in combat.
You expend magic power (3 MP) to strengthen your wands.
Your movements are slightly less encumbered by armour. (ER -2)


Message History

Joseph wields a +2 vorpal hunting sling.
Joseph shoots a sling bullet.
The sling bullet hits your ogre!!
Your ogre dies!
Your ogre's corpse dissolves into shadows!
Your orc wizard misses Joseph.
Something hits your orc wizard!
Your orc wizard dies!
Your orc wizard's corpse dissolves into shadows!
Joseph unwields a +2 vorpal hunting sling.
Joseph wields a +2 spectral quarterstaff.
Joseph hits you with a +2 spectral quarterstaff.
You closely miss Joseph.
Joseph is severely wounded.
Something hits you but does no damage.
Joseph hits you with a +2 spectral quarterstaff.
Something hits you but does no damage.
You barely miss Joseph.
Joseph is severely wounded.
You barely miss something. Something hits you but does no damage.
Joseph hits you with a +2 spectral quarterstaff.
You completely miss Joseph.
Joseph is severely wounded.
You closely miss something. Something hits you.
Joseph hits you with a +2 spectral quarterstaff.
You hit Joseph.
Joseph is severely wounded.
You hit something but do no damage. Something hits you.
Joseph hits you but does no damage.
Joseph shouts, "I love to fight!
I love killing!"
Joseph hits you but does no damage.
You hit Joseph but do no damage.
Joseph is severely wounded.
Something hits you.
Joseph hits you with a +2 spectral quarterstaff!
* * * LOW HITPOINT WARNING * * *
You closely miss Joseph.
Joseph is severely wounded.
Something hits you but does no damage.
Joseph hits you with a +2 spectral quarterstaff!
You die...

#..... #.....### .......#
.. ......# #.. #....# .#
..## #.⌠. ....# ### >.
#... #...###.@#... #.
#### ........@#..#
#.####### ..>..⌠...#..#
#.#...... ......!..#.#
#.#...... #...###....#
#.#...... #.⌠ #.....##
#......##
#...#.....########......#
..............)##..####..
..##..###...#.[).........
#... #.....####.......


You could see Joseph.

Vanquished Creatures
  Edmund (D:6)
  2 orc warriors
  2 sky beasts (D:6)
  A necrophage (D:5)
  A black bear (D:5)
  2 ice beasts
  3 ogres
  A centaur (D:5)
  2 phantoms (D:5)
  A kobold brigand (D:6)
  A scorpion (D:6)
  2 water moccasin skeletons
  4 jellies
  A bullfrog zombie (D:6)
  3 orc priests
  2 hounds
  A bullfrog skeleton (D:5)
  A centaur skeleton (D:7)
  3 iguanas (D:5)
  4 orc wizards
  6 adders
  7 gnolls
  2 white imps
  An ufetubus (D:6)
  2 worms (D:2)
  4 dart slugs
  16 orcs
  5 ball pythons
  5 bats
  7 endoplasms
  3 giant cockroaches
  6 hobgoblins
  3 jackals (D:2)
  2 quokkas (D:3)
  A frilled lizard (D:3)
  8 goblins
  8 kobolds
  3 rats
127 creatures vanquished.

Vanquished Creatures (others)
  A fungus (D:1)
1 creature vanquished.

Grand Total: 128 creatures vanquished

Notes
Turn   | Place    | Note
-------+----------+-------------------------------------------
     0 | D:1      | bande the Gargoyle Fighter began the quest for the Orb.
     0 | D:1      | Reached XP level 1. HP: 14/14 MP: 1/1
   158 | D:1      | Reached skill level 2 in Axes
   158 | D:1      | Reached XP level 2. HP: 19/19 MP: 2/2
   192 | D:1      | Found a faded altar of an unknown god.
   196 | D:1      | Got Plato's Compendium of Contamination
   614 | D:1      | Reached XP level 3. HP: 23/23 MP: 3/3
  1121 | D:2      | Found a snail-covered altar of Cheibriados.
  1586 | D:2      | Reached XP level 4. HP: 28/29 MP: 4/4
  2084 | D:3      | Identified the +7 ring mail of Elyvilon's Approval {rElec
                  | Dex+4}
  2195 | D:3      | Reached skill level 3 in Axes
  2372 | D:3      | Reached XP level 5. HP: 33/33 MP: 5/5
  2772 | D:4      | Found Vynil's Distillery.
  2772 | D:4      | Found Ojussux's General Store.
  2777 | D:4      | Gained mutation: Your movements are slightly less
                  | encumbered by armour. (ER -2) [potion of mutation]
  2777 | D:4      | Gained mutation: You tend to lose your temper in combat.
                  | [potion of mutation]
  2777 | D:4      | Gained mutation: You expend magic power (3 MP) to
                  | strengthen your wands. [potion of mutation]
  2781 | D:4      | Found Saasu's General Store.
  2782 | D:4      | Found Bixuted's Assorted Antiques.
  2785 | D:4      | Bought a potion of degeneration for 14 gold pieces
  2898 | D:4      | Reached skill level 4 in Axes
  3771 | D:5      | Entered Level 5 of the Dungeon
  3782 | D:5      | Noticed a black bear
  3789 | D:5      | Killed a black bear
  3790 | D:5      | Reached XP level 6. HP: 32/38 MP: 6/6
  3977 | D:5      | Noticed a necrophage
  3985 | D:5      | Killed a necrophage
  3986 | D:5      | Reached skill level 5 in Axes
  3986 | D:5      | Reached XP level 7. HP: 37/44 MP: 7/7
  4352 | D:5      | Found Vasawif's Antique Armour Boutique.
  4609 | D:5      | Reached skill level 6 in Axes
  4780 | D:5      | Reached skill level 5 in Fighting
  4921 | D:5      | Reached XP level 8. HP: 11/49 MP: 8/8
  5539 | D:6      | Reached skill level 5 in Armour
  5656 | D:6      | Reached skill level 7 in Axes
  5778 | D:6      | Noticed Edmund
  5804 | D:6      | Killed Edmund
  6175 | D:6      | Reached skill level 5 in Shields
  6357 | D:6      | Reached skill level 8 in Axes
  6357 | D:6      | Reached XP level 9. HP: 38/55 MP: 9/9
  7980 | D:7      | Noticed Joseph
  7981 | D:7      | Found a staircase to the Ecumenical Temple.
  8001 | D:7      | Slain by Joseph

Illustrated notes

Levels and vault maps discovered:
D:1:      tarquinn_simple_flora_water_a, layout_basic, serial_glass,
          glass_columns_a, glass_columns_a, glass_columns_b, glass_columns_a,
          glass_columns_b, glass_columns_b, glass_columns_b, glass_columns_a,
          shapermc_ecumenical_altar_rom_forum
D:2:      layout_basic, serial_glass, glass_columns_a, glass_columns_a,
          glass_columns_a, glass_columns_b, glass_columns_a, glass_columns_a,
          glass_columns_a, glass_columns_a, basic_altar,
          minmay_tree_intersection
D:3:      layout_loops_corners
D:4:      layout_basic, minmay_shop_grid_forest,
          hangedman_abyss_or_decor_jellyfish_corner
D:5:      layout_cave_pods, serial_shops, shop, grunt_ministairs_1
D:6:      minmay_chambers_of_threes, layout_layer_cave, uniq_edmund
D:7:      layout_rooms, minmay_temple_entry_junction_2, uniq_joseph

Skill      XL: |  1  2  3  4  5  6  7  8  9 |
---------------+----------------------------+-----
Axes           | 2 3 4 5 6 8 |  8.8
Fighting       | 4 5 6 |  6.4
Armour         | 4 5 |  5.8
Shields        | 4 5 |  5.7

Action                   |  1- 3 |  4- 6 |  7- 9 || total
-------------------------+-------+-------+-------++-------
Melee: War axe           |   113 |   115 |   263 ||   491
  Use: Scroll            |     4 |    10 |     3 ||    17
       Potion            |       |     1 |       ||     1
Armor: Chain mail        |    86 |    26 |       ||   112
       Ring mail         |       |    51 |   175 ||   226
Dodge: Dodged            |    36 |    50 |    93 ||   179
Block: Buckler           |    27 |    23 |    71 ||   121
